 Seeded DCSS version 0.30-a0-900-g23479c02f2 (webtiles) character file.

Game seed: 17906827012690515480 (custom seed)

155 bmack86 the Shield-Bearer (level 5, 0/47 HPs)
             Began as a Minotaur Fighter on Mar 18, 2023.
             Engulfed by a steam dragon's steam (6 damage)
             ... on level 4 of the Dungeon.
             The game lasted 00:07:05 (2840 turns).

bmack86 the Shield-Bearer (Minotaur Fighter)        Turns: 2840, Time: 00:07:06

Health: 0/47       AC:  7    Str: 22    XL:     5   Next: 14%
Magic:  4/4        EV:  6    Int: 11    God:
Gold:   60         SH:  4    Dex: 10    Spells: 4/4 levels left

rFire   . . .      SeeInvis +    a - +0 war axe
rCold   . . .      Faith    .    c - +0 buckler
rNeg    . . .      Spirit   .    b - +0 scale mail
rPois   .          Reflect  .    (helmet restricted)
rElec   .          Rampage  .    (no cloak)
rCorr   .                        (no gloves)
Will    .....                    (no boots) Stlth
                                 (no amulet)
HPRegen 0.27/turn                e - +6 ring of intelligence
MPRegen 0.09/turn                g - ring of see invisible

@: constricted
A: horns 2, retaliatory headbutt
a: no special abilities


You were on level 4 of the Dungeon.
You visited 1 branch of the dungeon, and saw 4 of its levels.

You collected 114 gold pieces.
You spent 54 gold pieces at shops.

Inventory:

Hand Weapons
 a - a +0 war axe (weapon)
Missiles
 m - 2 throwing nets (quivered)
 r - 11 poisoned darts
 t - 2 javelins
Armour
 b - a +0 scale mail (worn)
 c - a +0 buckler (worn)
Jewellery
 e - a +6 ring of intelligence (left hand)
 g - a ring of see invisible (right hand)
 j - a ring of ice
 q - a +6 ring of dexterity
Scrolls
 i - a scroll of teleportation
 l - 2 scrolls of amnesia {unknown}
 n - a scroll of fog {unknown}
 o - 5 scrolls of enchant weapon {unknown}
 p - a scroll of poison {unknown}
Potions
 d - 2 potions of might
 f - 2 potions of lignification
 h - a potion of brilliance
 k - 3 potions of curing
 s - a potion of attraction {unknown}
 u - a potion of cancellation {unknown}


   Skills:
 + Level 4.5 Fighting
 * Level 4.4 Axes
 + Level 0.1 Throwing
 + Level 4.4 Armour
 + Level 4.6 Shields


You had 4 spell levels left.
You didn't know any spells.
Your spell library was empty.

Dungeon Overview and Level Annotations

Branches:
Dungeon (4/15)
 Temple: D:4-7

Altars:
Makhleb
Nemelex Xobeh

Shops:
D:2 **


Innate Abilities, Weirdness & Mutations

You have a pair of horns on your head.
You reflexively headbutt those who attack you in melee.


Message History

You barely miss the steam dragon.
The steam dragon is lightly wounded.
You hit the dart slug.
You kill the dart slug!
The steam dragon breathes steam at you. The ball of steam misses you.
An iguana comes into view.
You barely miss the steam dragon.
The steam dragon is lightly wounded.
You are engulfed in a cloud of scalding steam.
The steam dragon bites you! The steam dragon barely misses you.
A ball python comes into view.
The steam dragon bites you.
The steam dragon claws you but does no damage.
You slash the steam dragon! Your headbutt misses the steam dragon.
The steam dragon is heavily wounded.
The steam dragon bites you.
* * * LOW HITPOINT WARNING * * *
The steam dragon barely misses you.
You barely miss the steam dragon. Your headbutt misses the steam dragon.
The steam dragon is heavily wounded.
The steam dragon bites you but does no damage.
The steam dragon claws you but does no damage.
You hit the steam dragon but do no damage.
Your headbutt misses the steam dragon.
The steam dragon is heavily wounded.
You closely miss the ball python. The ball python barely misses you.
The ball python grabs you. The ball python constricts you.
* * * LOW HITPOINT WARNING * * *
The steam dragon bites you but does no damage.
The steam dragon claws you but does no damage.
The ball python barely misses you. The ball python constricts you.
The steam dragon breathes steam at you. The ball of steam hits you.
* * * LOW HITPOINT WARNING * * *
You slash the steam dragon!
The steam dragon is severely wounded.
You closely miss the iguana. You closely miss the ball python.
You are engulfed in a cloud of scalding steam.
You die...

.. .# ##. .##
##.. ..#
...###..
##..#..#
#...Sl.#
###.##D@#
........#
#######.# #.#
#)# #.# #.# #.#
#.# #.# #.# #.#
#.######.#######
#..............#
#


You could see a steam dragon (catching breath), an iguana and a ball python.

Vanquished Creatures
  2 orc wizards (D:3)
  A gnoll (D:1)
  2 adders (D:2)
  3 dart slugs
  5 orcs (D:3)
  4 bats
  9 endoplasms
  A giant cockroach (D:1)
  4 hobgoblins (D:1)
  5 jackals
  2 quokkas
  6 ball pythons
  3 frilled lizards
  6 goblins
  8 kobolds
  5 rats
66 creatures vanquished.

Notes
Turn   | Place    | Note
-------+----------+-------------------------------------------
     0 | D:1      | bmack86 the Minotaur Fighter began the quest for the Orb.
     0 | D:1      | Reached XP level 1. HP: 19/19 MP: 0/0
    69 | D:1      | Reached XP level 2. HP: 22/27 MP: 1/1
   605 | D:1      | Reached XP level 3. HP: 33/33 MP: 2/2
  1024 | D:2      | Found a burning altar of Makhleb.
  1267 | D:2      | Reached XP level 4. HP: 39/40 MP: 3/3
  1376 | D:2      | Found Woofeo's Assorted Antiques.
  1382 | D:2      | Bought a scroll labelled VUYNON ETUL for 27 gold pieces
  1382 | D:2      | Bought a scroll labelled VUYNON ETUL for 27 gold pieces
  1472 | D:2      | Found Ydaaz's General Store.
  1983 | D:3      | Reached XP level 5. HP: 41/47 MP: 4/4
  2081 | D:3      | Found a sparkling altar of Nemelex Xobeh.
  2830 | D:4      | Noticed a steam dragon
  2840 | D:4      | Engulfed by a steam dragon's steam

Illustrated notes

Levels and vault maps discovered:
D:1:      lemuel_arrival_funnel, layout_loops_corners
D:2:      layout_basic, basic_altar, serial_shops, shop_statue, shop,
          minmay_tromino_v4_a
D:3:      layout_basic, nemelex_xobeh_ov_fountains_minmay,
          chequers_serial_rivers_small_b, grunt_ministairs_1,
          grunt_decor_arrowhead
D:4:      layout_loops_ring, xom_confusion_cloud, mainiacjoe_overflow_24_doors,
          nicolae_dithmenos_shadow_blocks

Skill      XL: |  1  2  3  4 |
---------------+-------------+-----
Axes           | 3 4 |  4.4
Shields        | 4 |  4.6
Fighting       | 4 |  4.5
Armour         | 4 |  4.4
Throwing       | |  0.1

Action                     |  1- 3 |  4- 6 || total
---------------------------+-------+-------++-------
  Melee: War axe           |    59 |    49 ||   108
         Headbutt          |     9 |     5 ||    14
    Use: Scroll            |     1 |     3 ||     4
 Armour: Scale mail        |    41 |    23 ||    64
  Dodge: Dodged            |    36 |    27 ||    63
  Block: Buckler           |    17 |    13 ||    30

Table legend: (Time is in decaauts)
 A = Elapsed time spent in this place.
 B = Non-inter-level travel time spent in this place.
 C = Inter-level travel time spent in this place.
 D = Time resting spent in this place.
 E = Time spent auto-exploring this place.
 F = Levels seen in this place.
 G = Mean time per level.
                   A        B        C        D        E       F      G
               +--------+--------+--------+--------+--------+-----+--------+
         Total |   2879 |   2763 |    116 |    112 |   2060 |   4 |  719.8 |
       Dungeon |   2879 |   2763 |    116 |    112 |   2060 |   4 |  719.8 |
               +--------+--------+--------+--------+--------+-----+--------+

Top non-repeatable levels by time:
     D:3: 1025 daAuts
     D:1: 911 daAuts
     D:2: 754 daAuts
     D:4: 188 daAuts
